 Dungeon Crawl Stone Soup version 0.27-a0-926-g0e6d9124c6 (console) character file.

Game seed: 17956351423636475170

1206 Morrissey the Cleaver (level 8, -16/71 HPs)
             Began as a Hill Orc Fighter on Apr 10, 2021.
             Demolished by an orc warrior
             ... wielding a +0 halberd
              (20 damage)
             ... on level 5 of the Dungeon.
             The game lasted 00:06:39 (6279 turns).

Morrissey the Cleaver (Hill Orc Fighter)            Turns: 6279, Time: 00:06:39

Health: -16/71     AC: 15    Str: 19    XL:     8   Next: 45%
Magic:  8/8        EV:  9    Int:  8    God:
Gold:   283        SH:  0    Dex: 12    Spells: 7/7 levels left

rFire    . . .     SeeInvis .   a - +0 war axe
rCold    . . .     Faith    .   (no shield)
rNeg     . . .     Spirit   .   b - +0 scale mail
rPois    +         Reflect  .   n - +0 helmet
rElec    .         Harm     .   g - scarf {+Inv}
rCorr    .         Rampage  .   x - +1 pair of gloves
Will     .....                  (no boots)
Stlth    ..........             (no amulet)
HPRegen  0.21/turn              q - +4 ring of protection
MPRegen  0.11/turn              k - ring of poison resistance

@: no status effects
A: no striking features
a: Evoke Invisibility


You were on level 5 of the Dungeon.
You visited 1 branch of the dungeon, and saw 6 of its levels.

You collected 283 gold pieces.

Inventory:

Hand Weapons
 a - a +0 war axe (weapon)
Armour
 b - a +0 scale mail (worn)
 c - a +0 kite shield
 g - a scarf of invisibility (worn)
 n - a +0 helmet (worn)
 x - a +1 pair of gloves (worn)
Jewellery
 f - a ring of positive energy
 k - a ring of poison resistance (right hand)
 p - a ring of fire
 q - a +4 ring of protection (left hand)
 u - a ring of flight
Scrolls
 e - 6 scrolls of identify {unknown}
 h - 2 scrolls of amnesia {unknown}
 j - 2 scrolls of enchant armour {unknown}
 m - a scroll of fear {unknown}
 r - a scroll of enchant weapon {unknown}
 s - a scroll of magic mapping {unknown}
 v - a scroll of noise {unknown}
 w - 2 scrolls of teleportation {unknown}
Potions
 d - a potion of resistance {unknown}
 i - 6 potions of attraction {unknown}
 l - a potion of ambrosia {unknown}
 o - 2 potions of curing {unknown}
 t - 2 potions of mutation {unknown}


   Skills:
 + Level 6.8 Fighting
 * Level 9.6 Axes
 + Level 6.2 Armour
 - Level 3.2 Shields


You had 7 spell levels left.
You didn't know any spells.
Your spell library contained the following spells:

 Spells                   Type           Power      Damage    Failure   Level
 Magic Dart               Conj           0%         1d3       75%         1
 Blink                    Tloc           N/A        N/A       87%         2
 Call Imp                 Summ           0%         N/A       87%         2
 Slow                     Hex            0%         N/A       87%         2
 Conjure Flame            Conj/Fire      0%         6-21      98%         3
 Mephitic Cloud           Conj/Pois/Air  0%         N/A       98%         3


Dungeon Overview and Level Annotations

Branches:
Dungeon (6/15)
 Temple: D:4-7

Altars:
Qazlal
Uskayaw
The Shining One

Shops:
D:4 [


Message History

The orc priest shouts, "Beogh is our master!
Accept the truth or die!"
The orc priest threatens, "By the altar or by the axe, you will meet Beogh!"
The orc priest hits you but does no damage.
You hit the orc priest.
The orc priest is lightly wounded.
The orc priest closely misses you.
You slash the orc priest!
You kill the orc priest!
You hit the yak but do no damage. The yak gores you.
The orc warrior hits you but does no damage.
The orc warrior closely misses you.
There is a stone staircase leading up here.
You barely miss the orc warrior. You barely miss the yak.
The orc warrior hits you with a +0 halberd!
The yak gores you but does no damage. The orc warrior barely misses you.
The yak gores you!
You climb upwards.
There is a stone staircase leading down here.
You are too injured to fight recklessly!
You are too injured to fight recklessly!
You are too injured to fight recklessly!
The orc warrior hits you with a +0 halberd!
* * * LOW HITPOINT WARNING * * *
The orc warrior closely misses you. The orc warrior barely misses you.
There is an open door here.
The orc warrior hits you from afar with a +0 halberd!
* * * LOW HITPOINT WARNING * * *
You hit the yak but do no damage. The yak gores you but does no damage.
You hit the yak.
The yak is lightly wounded.
The orc warrior barely misses you. The yak misses you.
You barely miss the yak.
The yak is lightly wounded.
The orc warrior barely misses you. The yak gores you!
* * * LOW HITPOINT WARNING * * *
You slash the yak!
The yak is moderately wounded.
The orc warrior hits you from afar with a +0 halberd!!
You die...

#.###.# ##.#......#.
#.....# #.#####.###
#.....# #.# #.#
#####.##### ##'## #.###
#.........# ##...##
#.... #.###.###.#
##.....####### #.#
#.##..# ##.......## ##
#.#
#.#...####.........####.
#.#
#.....)@Yo...>.....'....
#.#
#.#...####.........####.
#.# #.##..# ##.......##
## #.###.###.# ##.....##
# #.........# ##...##
#####.##### ##'## #.#
#.# #.# ##.###### #.#
#.......#


You could see a yak and an orc warrior.

Vanquished Creatures
  2 water moccasins (D:5)
  A black bear (D:4)
  A sky beast (D:5)
  An ogre (D:4)
  A centaur (D:5)
  A scorpion (D:4)
  A jelly (D:4)
  2 orc priests (D:6)
  4 hounds (D:5)
  3 iguanas
  2 centaur skeletons
  2 orc wizards (D:3)
  A killer bee zombie (D:5)
  A hound zombie (D:5)
  4 adders
  3 worms
  6 dart slugs
  19 orcs
  3 bats
  3 endoplasms (D:2)
  3 giant cockroaches
  7 hobgoblins
  5 jackals (D:3)
  3 kobolds
  5 quokkas
  10 ball pythons
  5 frilled lizards
  7 goblins
  6 rats
112 creatures vanquished.

Notes
Turn   | Place    | Note
-------+----------+-------------------------------------------
     0 | D:1      | Morrissey the Hill Orc Fighter began the quest for the Orb.
     0 | D:1      | Reached XP level 1. HP: 19/19 MP: 1/1
   141 | D:1      | Found a faded altar of an unknown god.
   197 | D:1      | Reached skill level 3 in Axes
   280 | D:1      | Reached XP level 2. HP: 15/27 MP: 2/2
   927 | D:1      | Reached XP level 3. HP: 24/33 MP: 3/3
  1301 | D:2      | Reached skill level 4 in Axes
  1665 | D:2      | Found a hide-covered altar of Uskayaw.
  2158 | D:3      | Found a large runed translucent door.
  2159 | D:3      | Found a large runed translucent door.
  2163 | D:3      | Reached XP level 4. HP: 40/40 MP: 4/4
  2500 | D:3      | Reached skill level 5 in Axes
  2598 | D:3      | Reached XP level 5. HP: 37/47 MP: 5/5
  3177 | D:3      | Found a stormy altar of Qazlal.
  3189 | D:3      | Found a hide-covered altar of Uskayaw.
  3350 | D:4      | Reached skill level 6 in Axes
  3390 | D:4      | Reached XP level 6. HP: 55/55 MP: 6/6
  3514 | D:4      | Found Kehetad's Armour Shop.
  3707 | D:4      | Reached skill level 5 in Fighting
  3802 | D:4      | Reached skill level 7 in Axes
  3974 | D:4      | Noticed a black bear
  4001 | D:4      | Killed a black bear
  4002 | D:4      | Reached skill level 5 in Armour
  4002 | D:4      | Reached XP level 7. HP: 30/61 MP: 7/7
  4278 | D:4      | Found a glowing golden altar of the Shining One.
  4352 | D:5      | Entered Level 5 of the Dungeon
  4542 | D:5      | Reached skill level 8 in Axes
  5175 | D:5      | Reached XP level 8. HP: 70/70 MP: 8/8
  5317 | D:5      | Reached skill level 9 in Axes
  5854 | D:6      | Noticed a yak
  5859 | D:6      | Noticed a yak
  5861 | D:6      | Noticed a yak
  6279 | D:5      | Demolished by an orc warrior

Illustrated notes

Levels and vault maps discovered:
D:1:      minmay_arrival_split_and_join, layout_loops_ring,
          hellmonk_ecumenical_altar_lost_god, minivault_4
D:2:      layout_basic, basic_altar, dk_noncrumbling_2, minmay_misc_feat_cross
D:3:      layout_rooms, jmf_multi_god_temple2
D:4:      layout_cave_pools, lemuel_coloured_pillars_altar, serial_shops,
          nicolae_shop_temple_entry_statues_fountains
D:5:      layout_loops_corners
D:6:      layout_rooms, kennysheep_mini, chequers_serial_rivers_small_b,
          hex_intersection

Skill      XL: |  1  2  3  4  5  6  7  8 |
---------------+-------------------------+-----
Axes           | 3 4 5 6 7 8 9 |  9.6
Fighting       | 4 5 6 |  6.8
Armour         | 4 5 6 |  6.2
Shields        | |  3.2

Action                   |  1- 3 |  4- 6 |  7- 9 || total
-------------------------+-------+-------+-------++-------
Melee: War axe           |   106 |   148 |   108 ||   362
  Use: Potion            |       |     1 |       ||     1
Armor: Scale mail        |    52 |   109 |    92 ||   253
Dodge: Dodged            |    51 |    96 |    66 ||   213

Table legend: (Time is in decaauts)
 A = Elapsed time spent in this place.
 B = Non-inter-level travel time spent in this place.
 C = Inter-level travel time spent in this place.
 D = Time resting spent in this place.
 E = Time spent auto-exploring this place.
 F = Levels seen in this place.
 G = Mean time per level.
                   A        B        C        D        E       F      G
               +--------+--------+--------+--------+--------+-----+--------+
         Total |   6352 |   6068 |    284 |   1414 |   3743 |   6 | 1058.7 |
       Dungeon |   6352 |   6068 |    284 |   1414 |   3743 |   6 | 1058.7 |
               +--------+--------+--------+--------+--------+-----+--------+

Top non-repeatable levels by time:
     D:5: 1888 daAuts
     D:3: 1309 daAuts
     D:1: 1132 daAuts
     D:4: 1088 daAuts
     D:2: 884 daAuts
     D:6: 47 daAuts
